 Dungeon Crawl Stone Soup version 0.28.0-45-g0d030f2227 (webtiles) character file.

Game seed: 5828835366810504006

2160 MisterFreud the Changer (level 9, -8/71 HPs)
             Began as a Purple Draconian Transmuter on Apr 17, 2022.
             Was a Believer of Cheibriados.
             Mangled by a centaur warrior (13 damage)
             ... on level 8 of the Dungeon.
             The game lasted 00:10:57 (9035 turns).

MisterFreud the Changer (DrTm)                      Turns: 9035, Time: 00:10:57

Health: -8/71      AC:  2    Str: 19    XL:     9   Next: 10%
Magic:  13/16      EV: 24    Int: 24    God:    Cheibriados [**....]
Gold:   488        SH:  0    Dex: 22    Spells: 8/18 levels left

rFire   + . .      SeeInvis .     - Unarmed
rCold   . . .      Faith    .   (shield currently unavailable)
rNeg    . . .      Spirit   .   (armour unavailable)
rPois   x          Reflect  .   (helmet currently unavailable)
rElec   .          Harm     .   (cloak currently unavailable)
rCorr   .          Rampage  .   (gloves currently unavailable)
Will    +....                   (boots currently unavailable)
Stlth   ++........              (no amulet)
HPRegen 0.21/turn               l - ring of protection from fire
MPRegen 0.15/turn               B - +4 ring of slaying

@: spider-form, very slow
A: venomous fangs, (breathe power), AC +7, tiny, unfitting armour,
(cold-blooded)
a: End Transformation, Renounce Religion, Bend Time


You were on level 8 of the Dungeon.
You worshipped Cheibriados.
Cheibriados was pleased with you.
You were a venomous arachnid creature.
You visited 1 branch of the dungeon, and saw 8 of its levels.

You collected 488 gold pieces.

Inventory:

Hand Weapons
 y - the +4 trident of Baasir {flame, rElec Str+6 Int-2 Dex-5}
   (You found it on level 5 of the Dungeon)

   It burns those it strikes, dealing additional fire damage.
   Str:       It affects your strength (+6).
   Int:       It affects your intelligence (-2).
   Dex:       It affects your dexterity (-5).
   rElec:     It insulates you from electricity.
Missiles
 c - 11 poisoned darts
 s - 2 boomerangs
Armour
 D - a +0 pair of boots (melded)
Jewellery
 i - a ring of flight
 l - a ring of protection from fire (left front leg)
 w - a ring of positive energy
 x - a ring of resist corrosion
 B - a +4 ring of slaying (right front leg)
Wands
 t - a wand of polymorph (8)
 z - a wand of iceblast (6)
 A - a wand of acid (9)
Scrolls
 b - a scroll of acquirement {unknown}
 d - a scroll of enchant armour {unknown}
 g - 8 scrolls of identify
 h - 2 scrolls of amnesia {unknown}
 j - 2 scrolls of fear {unknown}
 m - 2 scrolls of magic mapping {unknown}
 n - a scroll of enchant weapon {unknown}
 o - 2 scrolls of teleportation {unknown}
 r - a scroll of immolation {unknown}
Potions
 a - 2 potions of might {unknown}
 e - a potion of cancellation
 f - a potion of attraction
 k - 2 potions of ambrosia {unknown}
 p - 2 potions of curing {unknown}
 q - a potion of brilliance {unknown}
 u - a potion of flight {unknown}
 v - 2 potions of lignification {unknown}
 C - a potion of haste {unknown}


   Skills:
 - Level 4.0 Fighting
 + Level 5.5 Dodging
 - Level 6.0 Unarmed Combat
 - Level 5.0 Spellcasting
 + Level 7.1 Transmutations
 + Level 2.5 Ice Magic
 + Level 0.0 Invocations


You had 8 spell levels left.
You knew the following spells:

 Your Spells              Type           Power      Damage    Failure   Level
a - Beastly Appendage     Tmut           80%        N/A       3%          1
b - Wereblood             Tmut           40%        N/A       4%          2
c - Spider Form           Tmut/Pois      23%        N/A       17%         3
d - Ice Form              Ice/Tmut       29%        N/A       28%         4

Your spell library contained the following spells:

 Spells                   Type           Power      Damage    Failure   Level
 Ensorcelled Hibernation  Hex/Ice        24%        N/A       21%         2
 Magic Dart               Conj           24%        1d4       22%         1
 Searing Ray              Conj           12%        2d4       30%         2
 Tukima's Dance           Hex            6%         N/A       47%         3
 Yara's Violent Unravell  Hex/Tmut       11%        3d6       71%         5
 Anguish                  Hex/Necr       3%         N/A       83%         4
 Fulminant Prism          Conj/Hex       3%         3d6       83%         4
 Passage of Golubria      Tloc           6%         N/A       83%         4


Dungeon Overview and Level Annotations

Branches:
Dungeon (8/15)
 Temple: D:4-7         Lair: D:8-11

Altars:
Cheibriados
Dithmenos
Fedhas
Gozag
Kikubaaqudgha
Qazlal
Uskayaw
Vehumet
The Shining One

Shops:
D:1 (

Annotations:
D:5 2 transporters, Zarnosh's ghost, amateur DgCj
D:6 3 runed translucent doors, Faeu's ghost, amateur MiFi; Grinder
D:8 3 runed translucent doors, Hydra2011's ghost, novice GrFi


Innate Abilities, Weirdness & Mutations

You are a venomous arachnid creature.
You have poisonous fangs.
You are tiny and dextrous.
Your spellcasting is less reliable in this form.
Your armour is entirely melded.
You are incapable of wielding weapons or throwing items.
((You can breathe bolts of dispelling energy.))
((Your rich purple scales are hard. (AC +7)))
You cannot fit into any form of body armour.
((You are cold-blooded and may be slowed by cold attacks.))


Message History

Things that are here:
a +0 trident; a +0 ring mail
Things that are here:
a +0 vampiric spear; a gnoll skeleton
Things that are here:
a +0 spear; a gnoll skeleton Unknown command.
Found a club.
You see here a +0 club.
Found a trident.
A centaur warrior comes into view.
Found 21 sling bullets and a ring mail.
The centaur warrior shouts!
The centaur warrior wields a +0 longbow.
The centaur warrior shoots an arrow.
The arrow misses you.
The centaur warrior shoots an arrow.
The arrow barely misses you.
A centaur warrior is nearby!
A bullfrog comes into view.
A bullfrog is nearby!
Casting: Spider Form (dangerous; 6% risk of failure)
Confirm with . or Enter, or press ? or * to list all spells.
You turn into a venomous arachnid creature.
Your +0 pair of boots melds into your body.
The bullfrog misses you.
The centaur warrior shoots an arrow.
The arrow hits you!! The bullfrog barely misses you.
You hit the bullfrog.
The bullfrog is poisoned.
The bullfrog is lightly wounded.
The centaur warrior shoots an arrow.
The arrow hits you!! The bullfrog closely misses you.
The centaur warrior unwields a +0 longbow.
The centaur warrior closely misses you.
The centaur warrior kicks you but does no damage.
The bullfrog hits you!
* * * LOW HITPOINT WARNING * * *
The centaur warrior hits you!
* * * LOW HITPOINT WARNING * * *
The centaur warrior kicks you.
* * * LOW HITPOINT WARNING * * *
The bullfrog misses you. The centaur warrior hits you!
You die...

....^......
[#
...........
(#
...........
.#
...........
.#
...........
### .#
.#######.#.
... .#
#.......#.
#)###c#
#.#####.#.
#..Fs.#
#.#.
#.#.###
#.#. #
#.#.# #.#.
#)#.# ..#.
#.#.# ###.
#.#.# ..
#...#
#########
###.#
#........
#...#
#.#######


You could see a centaur warrior and a bullfrog (poisoned).

Vanquished Creatures
  Pikel (D:6)
  A basilisk (D:8)
  An ice beast (D:6)
  A sky beast (D:5)
  2 necrophages
  2 ogres
  A centaur (D:4)
  A phantom (D:3)
  4 lemures (D:6)
  2 gnoll sergeants
  2 scorpions (D:5)
  A water moccasin skeleton (D:5)
  2 hounds (D:6)
  3 orc priests
  An orc wizard (D:7)
  3 iguanas
  A hound skeleton (D:4)
  A howler monkey skeleton (D:5)
  14 gnolls
  7 adders
  3 river rats (D:4)
  3 white imps
  3 adder skeletons
  2 worms (D:4)
  2 dart slugs
  13 orcs
  8 ball pythons
  6 endoplasms
  7 giant cockroaches
  10 goblins
  8 hobgoblins
  8 kobolds
  2 quokkas
  6 bats
  2 frilled lizards
  6 rats
140 creatures vanquished.

Vanquished Creatures (others)
  A fungus (D:8)
  9 plants
10 creatures vanquished.

Grand Total: 150 creatures vanquished

Notes
Turn   | Place    | Note
-------+----------+-------------------------------------------
     0 | D:1      | MisterFreud the Draconian Transmuter began the quest for
                  | the Orb.
     0 | D:1      | Reached XP level 1. HP: 16/16 MP: 3/3
     0 | D:1      | Noticed a merfolk zombie
     1 | D:1      | Noticed a vine stalker
     2 | D:1      | Noticed a demigod
     7 | D:1      | Noticed a dwarf
    17 | D:1      | Noticed a troll
    19 | D:1      | Noticed a spriggan
   397 | D:1      | Reached XP level 2. HP: 18/23 MP: 3/5
   593 | D:1      | Reached skill level 3 in Transmutations
   837 | D:1      | Found Kief's Antique Weapon Shop.
  1309 | D:2      | Reached XP level 3. HP: 15/28 MP: 6/6
  1596 | D:2      | Reached skill level 4 in Transmutations
  1965 | D:2      | Reached XP level 4. HP: 29/35 MP: 5/7
  2634 | D:3      | Found a stormy altar of Qazlal.
  2651 | D:3      | Noticed Grinder
  2684 | D:3      | Learned a level 2 spell: Wereblood
  2688 | D:3      | Learned a level 3 spell: Spider Form
  2694 | D:3      | Found a snail-covered altar of Cheibriados.
  2694 | D:3      | Found a radiant altar of Vehumet.
  2694 | D:3      | Found a glowing golden altar of the Shining One.
  2694 | D:3      | Found a hide-covered altar of Uskayaw.
  2725 | D:3      | Found an ancient bone altar of Kikubaaqudgha.
  2730 | D:3      | Found a shadowy altar of Dithmenos.
  2857 | D:3      | Became a worshipper of Cheibriados the Contemplative
  2912 | D:3      | Found a blossoming altar of Fedhas.
  3071 | D:3      | Noticed a phantom
  3084 | D:3      | Killed a phantom
  3085 | D:3      | Reached skill level 5 in Transmutations
  3085 | D:3      | Reached XP level 5. HP: 14/44 MP: 5/8
  3399 | D:3      | Found a faded altar of an unknown god.
  3959 | D:4      | Noticed a centaur
  3967 | D:4      | Killed a centaur
  3968 | D:4      | Reached XP level 6. HP: 39/52 MP: 6/9
  4347 | D:4      | Reached * piety under Cheibriados
  4350 | D:4      | Reached skill level 5 in Unarmed Combat
  4540 | D:4      | Your scales start taking on a rich purple colour.
  4540 | D:4      | Reached XP level 7. HP: 52/59 MP: 7/10
  5011 | D:5      | Entered Level 5 of the Dungeon
  5540 | D:5      | Found a transporter.
  5542 | D:5      | Noticed Zarnosh's ghost (amateur DgCj)
  5558 | D:5      | Identified the +11 spear of Fika {venom, +Blink Dex+4}
  5588 | D:5      | Found a transporter.
  5699 | D:5      | Learned a level 4 spell: Ice Form
  5837 | D:5      | Reached ** piety under Cheibriados
  6364 | D:5      | Identified the +4 trident of Baasir {flame, rElec Str+6
                  | Int-2 Dex-5}
  6515 | D:6      | Noticed Faeu's ghost (amateur MiFi)
  6518 | D:6      | Found a runed translucent gate.
  6518 | D:6      | Found a runed translucent gate.
  6518 | D:6      | Found a runed translucent gate.
  6581 | D:6      | Reached XP level 8. HP: 66/66 MP: 9/13
  6625 | D:6      | Noticed Pikel
  6769 | D:6      | Killed Pikel
  6770 | D:6      | Reached skill level 6 in Transmutations
  7318 | D:6      | Reached skill level 5 in Spellcasting
  7512 | D:6      | Reached skill level 5 in Dodging
  7808 | D:7      | Reached skill level 1 in Ice Magic
  8243 | D:8      | Found an opulent altar of Gozag.
  8444 | D:8      | Noticed Hydra2011's ghost (novice GrFi)
  8444 | D:8      | Noticed a kobold demonologist
  8448 | D:8      | Found a runed translucent gate.
  8448 | D:8      | Found a runed translucent gate.
  8448 | D:8      | Found a runed translucent gate.
  8575 | D:8      | Reached skill level 7 in Transmutations
  8575 | D:8      | Reached XP level 9. HP: 64/71 MP: 12/16
  9030 | D:8      | Noticed a centaur warrior
  9035 | D:8      | Mangled by a centaur warrior

Illustrated notes

Levels and vault maps discovered:
D:1:      shiori_arrival_whats_in_store_for_you, layout_loops_ring,
          serial_shops, nicolae_shop_crystal, minmay_misc_feat_more_columns,
          minmay_misc_feat_square
D:2:      layout_rooms, minmay_box_of_dots
D:3:      layout_loops_ring, grunt_qazlal_sundering, fedhas_altar_1,
          minmay_overflow_temple_hex,
          dreamdust_ecumenical_altar_angels_and_demons, columned_hall_lemuel,
          uniq_grinder
D:4:      layout_gridville, portal_sewer_entry_b
D:5:      minmay_spotlight, layout_basic, gammafunk_ghost_gnarly_gnolls
D:6:      layout_loops_ring, gammafunk_ghost_split, uniq_pikel
D:7:      layout_basic, minmay_temple_entry_slanted, grunt_decor_junction,
          lemuel_flame_loot_1, uniq_menkaure
D:8:      layout_basic, nicolae_gozag_seed_capital,
          gammafunk_ghost_nasty_kobolds, wad_mini_maze

Skill      XL: |  1  2  3  4  5  6  7  8 |
---------------+-------------------------+-----
Transmutations | 3 4 5 7 |  7.1
Fighting       | 2 3 4 |  4.0
Unarmed Combat | 5 6 |  6.0
Dodging        | 3 5 |  5.5
Spellcasting   | 3 5 |  5.0
Ice Magic      | 2 |  2.5

Action                   |  1- 3 |  4- 6 |  7- 9 || total
-------------------------+-------+-------+-------++-------
Melee: Unarmed           |   116 |   145 |   181 ||   442
       Kick              |    21 |     7 |     2 ||    30
       Tailslap          |     6 |     2 |     3 ||    11
       Punch             |     2 |     4 |     1 ||     7
       Headbutt          |    11 |     3 |     5 ||    19
 Cast: Beastly Appendage |    31 |    11 |     4 ||    46
       Spider Form       |       |    12 |    30 ||    42
 Abil: End Transformatio |       |       |     3 ||     3
Evoke: Wand              |       |       |     1 ||     1
  Use: Scroll            |     3 |       |       ||     3
Armor: Skin              |    42 |    26 |    11 ||    79
Dodge: Dodged            |    59 |   126 |   134 ||   319
